| TOP OF THE 1ST |
|
St. Cloud Rox batting - Pitching for Sioux Falls Packers : LHP Miguel Reyes
|
|
Pitching: LHP Miguel Reyes
|
|
|
Batting: LHB Doran Perdue
|
0-0: Ball 1-0: Foul Ball, location: 2F 1-1: Ground out 5-3 (Groundball, 56, EV 99.4 MPH)
|
|
Batting: RHB Douglas Morganti
|
0-0: SOLO HOME RUN (Flyball, 7D, EV 88.1 MPH), Distance : 359 ft
|
|
Batting: SHB R J Reynolds
|
0-0: Called Strike 0-1: Foul Ball, location: 2F 0-2: Strikes out swinging
|
|
Batting: RHB Domingos Maravilhas
|
0-0: Called Strike 0-1: Ball 1-1: Ball 2-1: Foul Ball, location: 2F 2-2: Ball 3-2: Foul Ball, location: 2F 3-2: Fly out, F8 (Flyball, 8LM, EV 91.3 MPH)
|
| Top of the 1st over - 1 run, 1 hit, 0 errors, 0 left on base; St. Cloud 1 - Sioux Falls 0 |
| BOTTOM OF THE 1ST |
|
Sioux Falls Packers batting - Pitching for St. Cloud Rox : RHP Tony Becerra
|
|
Pitching: RHP Tony Becerra
|
|
|
Batting: RHB Donald Devlin
|
0-0: Fly out, F4 (Line Drive, 4, EV 64.4 MPH)
|
|
Batting: RHB Javier Flores
|
0-0: Called Strike 0-1: Ball 1-1: SINGLE (Line Drive, 89S, EV 105.0 MPH)
|
|
Batting: LHB Mike Aldrete
|
0-0: Ball 1-0: Ball 2-0: SINGLE (Line Drive, 7LS, EV 102.5 MPH) Javier Flores to second Runner from 2nd tries for 3rd, OUT! 7-5
|
|
Batting: SHB Dan Hanggie
|
0-0: Called Strike 0-1: Ball 1-1: Fielders Choice at 2nd, 6-4 (Groundball, 6, EV 86.3 MPH)
|
| Bottom of the 1st over - 0 runs, 2 hits, 0 errors, 1 left on base; St. Cloud 1 - Sioux Falls 0 |
| TOP OF THE 2ND |
|
St. Cloud Rox batting - Pitching for Sioux Falls Packers : LHP Miguel Reyes
|
|
Batting: RHB Ron Gardenhire
|
0-0: Ball 1-0: Ball 2-0: Called Strike 2-1: Swinging Strike 2-2: Ball 3-2: Strikes out swinging
|
|
Batting: RHB Rich Velasquez
|
0-0: Fly out, F6 (Flyball, 56D, EV 80.6 MPH)
|
|
Batting: RHB Dennis Sherrill
|
0-0: Ball 1-0: Ball 2-0: SINGLE (Flyball, 34D, EV 88.8 MPH)
|
|
Batting: SHB Manny Galvez
|
0-0: Ball 1-0: Foul Ball, location: 2F 1-1: Ball 2-1: Swinging Strike 2-2: Ground out 4-3 (Groundball, 34, EV 88.8 MPH)
|
| Top of the 2nd over - 0 runs, 1 hit, 0 errors, 1 left on base; St. Cloud 1 - Sioux Falls 0 |
| BOTTOM OF THE 2ND |
|
Sioux Falls Packers batting - Pitching for St. Cloud Rox : RHP Tony Becerra
|
|
Batting: LHB Randy Salava
|
0-0: Fly out, F6 (Popup, 6S, EV 75.0 MPH)
|
|
Batting: SHB Gary Springer
|
0-0: Called Strike 0-1: Ball 1-1: Called Strike 1-2: Ball 2-2: Ball 3-2: SINGLE (Groundball, 4MS, EV 63.8 MPH) (infield hit)
|
|
Batting: LHB Reggie West
|
0-0: Ball 1-0: Ball 2-0: Ball 3-0: Base on Balls Gary Springer to second
|
|
Batting: RHB Brian Snitker
|
0-0: Called Strike 0-1: Ball Passed Ball! Gary Springer to third Reggie West to second 1-1: Foul Ball, location: 2F 1-2: Fly out, F8 (Flyball, 8RM, EV 91.3 MPH) Runner from 3rd tags up, SCORES, throw by CF
|
|
Batting: RHB Francisco Perez
|
0-0: Ball 1-0: Ball 2-0: Called Strike 2-1: Swinging Strike 2-2: Foul Ball, location: 2F 2-2: Ball 3-2: Fly out, F8 (Flyball, 8LM, EV 91.3 MPH)
|
| Bottom of the 2nd over - 1 run, 1 hit, 0 errors, 1 left on base; St. Cloud 1 - Sioux Falls 1 |
| TOP OF THE 3RD |
|
St. Cloud Rox batting - Pitching for Sioux Falls Packers : LHP Miguel Reyes
|
|
Batting: RHB Butch Benton
|
0-0: Foul Ball, location: 2F 0-1: DOUBLE (Line Drive, 89XD, EV 101.9 MPH)
|
|
Batting: LHB Doran Perdue
|
0-0: Ball 1-0: Fly out, F7 (Line Drive, 7, EV 91.9 MPH)
|
|
Batting: RHB Douglas Morganti
|
0-0: Ball 1-0: Foul Ball, location: 2F 1-1: Ball 2-1: Ground out 5-3 (Groundball, 56S, EV 89.4 MPH)
|
|
Batting: SHB R J Reynolds
|
0-0: Ball 1-0: Foul Ball, location: 2F 1-1: Foul Ball, location: 2F 1-2: Ball 2-2: Reached on error, E4 (Groundball, 34, EV 82.5 MPH) Butch Benton scores
|
|
Batting: RHB Domingos Maravilhas
|
0-0: Called Strike 0-1: Ball 1-1: Ball 2-1: Foul Ball, location: 2F 2-2: Ball 3-2: SINGLE (Groundball, 6MD, EV 105.6 MPH) R J Reynolds to third R J Reynolds scores
|
|
Batting: RHB Ron Gardenhire
|
0-0: Called Strike 0-1: Fly out, F9 (Flyball, 9LM, EV 96.9 MPH)
|
| Top of the 3rd over - 2 runs, 2 hits, 1 error, 1 left on base; St. Cloud 3 - Sioux Falls 1 |
| BOTTOM OF THE 3RD |
|
Sioux Falls Packers batting - Pitching for St. Cloud Rox : RHP Tony Becerra
|
|
Batting: RHB Donald Devlin
|
0-0: Called Strike 0-1: Foul Ball, location: 2F 0-2: Ball 1-2: Ball 2-2: Strikes out swinging
|
|
Batting: RHB Javier Flores
|
0-0: Ground out 4-3 (Groundball, 4, EV 91.9 MPH)
|
|
Batting: LHB Mike Aldrete
|
0-0: Fly out, F6 (Popup, 56D, EV 51.9 MPH)
|
| Bottom of the 3rd over - 0 runs, 0 hits, 0 errors, 0 left on base; St. Cloud 3 - Sioux Falls 1 |
| TOP OF THE 4TH |
|
St. Cloud Rox batting - Pitching for Sioux Falls Packers : LHP Miguel Reyes
|
|
Batting: RHB Rich Velasquez
|
0-0: Swinging Strike 0-1: Ball 1-1: Called Strike 1-2: DOUBLE (Line Drive, 78D, EV 110.6 MPH)
|
|
Batting: RHB Dennis Sherrill
|
0-0: Ground out 5-3 (Groundball, 56S, EV 94.4 MPH)
|
|
Batting: SHB Manny Galvez
|
0-0: Called Strike 0-1: Ground out 6-3 (Groundball, 56, EV 96.3 MPH)
|
|
Batting: RHB Butch Benton
|
0-0: Fly out, F7 (Flyball, 7LM, EV 90.0 MPH)
|
| Top of the 4th over - 0 runs, 1 hit, 0 errors, 1 left on base; St. Cloud 3 - Sioux Falls 1 |
| BOTTOM OF THE 4TH |
|
Sioux Falls Packers batting - Pitching for St. Cloud Rox : RHP Tony Becerra
|
|
Batting: SHB Dan Hanggie
|
0-0: Ball 1-0: Ball 2-0: Fly out, F8 (Flyball, 8LM, EV 90.0 MPH)
|
|
Batting: LHB Randy Salava
|
0-0: Foul Ball, location: 2F 0-1: Foul Ball, location: 2F 0-2: Ball 1-2: Ball 2-2: Ball 3-2: Fly out, F8 (Line Drive, 8RD, EV 90.0 MPH)
|
|
Batting: SHB Gary Springer
|
0-0: Ball 1-0: Swinging Strike 1-1: Ball 2-1: Called Strike 2-2: Foul Ball, location: 2F 2-2: Ball 3-2: Foul Ball, location: 2F 3-2: SINGLE (Groundball, 34D, EV 95.0 MPH)
|
|
Batting: LHB Reggie West
|
0-0: Called Strike 0-1: Ball 1-1: Ball 2-1: Foul Ball, location: 2F 2-2: Foul Ball, location: 2F 2-2: Ball Gary Springer is caught stealing 2nd base 2-6
|
| Bottom of the 4th over - 0 runs, 1 hit, 0 errors, 0 left on base; St. Cloud 3 - Sioux Falls 1 |
| TOP OF THE 5TH |
|
St. Cloud Rox batting - Pitching for Sioux Falls Packers : LHP Miguel Reyes
|
|
Batting: LHB Doran Perdue
|
0-0: Called Strike 0-1: Ball 1-1: Fly out, F7 (Line Drive, 78S, EV 92.5 MPH)
|
|
Batting: RHB Douglas Morganti
|
0-0: Ball 1-0: Foul Ball, location: 2F 1-1: Foul Ball, location: 2F 1-2: Ground out 5-3 (Groundball, 56, EV 103.8 MPH)
|
|
Batting: SHB R J Reynolds
|
0-0: Swinging Strike 0-1: Ball 1-1: Foul Ball, location: 2F 1-2: Ball 2-2: Fly out, F3 (Line Drive, 3, EV 76.3 MPH)
|
| Top of the 5th over - 0 runs, 0 hits, 0 errors, 0 left on base; St. Cloud 3 - Sioux Falls 1 |
| BOTTOM OF THE 5TH |
|
Sioux Falls Packers batting - Pitching for St. Cloud Rox : RHP Tony Becerra
|
|
Batting: LHB Reggie West
|
0-0: Ball 1-0: Ball 2-0: Foul Ball, location: 2F 2-1: DOUBLE (Line Drive, 7LM, EV 106.9 MPH)
|
|
Batting: RHB Brian Snitker
|
0-0: Foul Ball, location: 2F 0-1: Ground out 6-3 (Groundball, 6, EV 91.9 MPH) Reggie West to third
|
|
Batting: RHB Francisco Perez
|
0-0: Called Strike 0-1: Ball 1-1: Ball 2-1: Swinging Strike 2-2: SINGLE (Line Drive, 9S, EV 93.1 MPH) Reggie West scores
|
|
Batting: RHB Donald Devlin
|
0-0: Swinging Strike 0-1: Called Strike 0-2: Ball 1-2: Ball 2-2: Strikes out looking
|
|
Batting: RHB Javier Flores
|
0-0: Ball 1-0: Called Strike 1-1: Ball 2-1: Fielders Choice at 2nd, 6-4 (Groundball, 6, EV 77.5 MPH)
|
| Bottom of the 5th over - 1 run, 2 hits, 0 errors, 1 left on base; St. Cloud 3 - Sioux Falls 2 |
| TOP OF THE 6TH |
|
St. Cloud Rox batting - Pitching for Sioux Falls Packers : LHP Miguel Reyes
|
|
Batting: RHB Domingos Maravilhas
|
0-0: Ground out 1-3 (Groundball, 34S, EV 68.8 MPH)
|
|
Batting: RHB Ron Gardenhire
|
0-0: Foul Ball, location: 2F 0-1: Ball 1-1: Foul Ball, location: 2F 1-2: Ball 2-2: Foul Ball, location: 2F 2-2: Fly out, F7 (Line Drive, 7D, EV 90.6 MPH)
|
|
Batting: RHB Rich Velasquez
|
0-0: Ball 1-0: Reached on error, E6 (Groundball, 56D, EV 81.9 MPH)
|
|
Batting: RHB Dennis Sherrill
|
0-0: Called Strike 0-1: Ground out 5-3 (Groundball, 5, EV 81.9 MPH)
|
| Top of the 6th over - 0 runs, 0 hits, 1 error, 1 left on base; St. Cloud 3 - Sioux Falls 2 |
| BOTTOM OF THE 6TH |
|
Sioux Falls Packers batting - Pitching for St. Cloud Rox : RHP Tony Becerra
|
|
Batting: LHB Mike Aldrete
|
0-0: Ball 1-0: Called Strike 1-1: Swinging Strike 1-2: SOLO HOME RUN (Flyball, 89XD, EV 91.3 MPH), Distance : 421 ft
|
|
Batting: SHB Dan Hanggie
|
0-0: Ball 1-0: Called Strike 1-1: Called Strike 1-2: Ball 2-2: Foul Ball, location: 2F 2-2: Strikes out swinging
|
|
Batting: LHB Randy Salava
|
0-0: Ball 1-0: Swinging Strike 1-1: Fly out, F3 (Flyball, 34D, EV 90.0 MPH)
|
|
Batting: SHB Gary Springer
|
0-0: Ball 1-0: Swinging Strike 1-1: Ball 2-1: Ball 3-1: DOUBLE (Line Drive, 9LS, EV 95.0 MPH)
|
|
Batting: LHB Reggie West
|
0-0: Intentional Walk
|
|
Pitching: LHP Mark Shiflett
|
|
|
Batting: RHB Brian Snitker
|
0-0: Ball 1-0: Swinging Strike 1-1: Called Strike 1-2: Strikes out swinging
|
| Bottom of the 6th over - 1 run, 2 hits, 0 errors, 2 left on base; St. Cloud 3 - Sioux Falls 3 |
| TOP OF THE 7TH |
|
St. Cloud Rox batting - Pitching for Sioux Falls Packers : LHP Miguel Reyes
|
|
Batting: SHB Manny Galvez
|
0-0: Ball 1-0: Foul Ball, location: 2F 1-1: Swinging Strike 1-2: Strikes out swinging
|
|
Batting: RHB Butch Benton
|
0-0: Ball 1-0: Called Strike 1-1: Ball 2-1: Ball 3-1: Base on Balls
|
|
Batting: LHB Doran Perdue
|
0-0: Ball 1-0: Ball 2-0: Foul Ball, location: 2F 2-1: Foul Ball, location: 2F 2-2: SINGLE (Groundball, 34D, EV 97.5 MPH) Butch Benton to second Runner from 2nd tries for 3rd, SAFE, no throw by RF
|
|
Batting: RHB Douglas Morganti
|
0-0: Ball 1-0: Called Strike 1-1: Foul Ball, location: 2F 1-2: Ground out 5-3 (Groundball, 56S, EV 78.8 MPH) Doran Perdue to second
|
|
Batting: SHB R J Reynolds
|
0-0: Called Strike 0-1: Called Strike 0-2: Strikes out swinging
|
| Top of the 7th over - 0 runs, 1 hit, 0 errors, 2 left on base; St. Cloud 3 - Sioux Falls 3 |
| BOTTOM OF THE 7TH |
|
Sioux Falls Packers batting - Pitching for St. Cloud Rox : LHP Mark Shiflett
|
|
Batting: RHB Francisco Perez
|
0-0: Ground out U3 (Groundball, 34, EV 112.5 MPH)
|
|
Batting: RHB Donald Devlin
|
0-0: Ball 1-0: Ball 2-0: Called Strike 2-1: Called Strike 2-2: Ground out 1-3 (Groundball, 23, EV 70.0 MPH)
|
|
Batting: RHB Javier Flores
|
0-0: Called Strike 0-1: Foul Ball, location: 2F 0-2: Foul Ball, location: 2F 0-2: Strikes out looking
|
| Bottom of the 7th over - 0 runs, 0 hits, 0 errors, 0 left on base; St. Cloud 3 - Sioux Falls 3 |
| TOP OF THE 8TH |
|
St. Cloud Rox batting - Pitching for Sioux Falls Packers : LHP Miguel Reyes
|
|
Batting: RHB Domingos Maravilhas
|
0-0: Called Strike 0-1: Called Strike 0-2: Foul Ball, location: 2F 0-2: Foul Ball, location: 2F 0-2: Ground out 6-3 (Groundball, 6MD, EV 107.5 MPH)
|
|
Batting: RHB Ron Gardenhire
|
0-0: Ball 1-0: SINGLE (Line Drive, 4M, EV 105.6 MPH)
|
|
Batting: RHB Rich Velasquez
|
0-0: Called Strike 0-1: Ball 1-1: Foul Ball, location: 2F 1-2: Strikes out swinging
|
|
Batting: RHB Dennis Sherrill
|
0-0: Ball 1-0: Called Strike 1-1: SINGLE (Groundball, 34D, EV 97.5 MPH) Ron Gardenhire to second Runner from 2nd tries for 3rd, SAFE, no throw by RF
|
|
Batting: SHB Manny Galvez
|
0-0: Called Strike 0-1: Ball 1-1: Ball 2-1: Swinging Strike 2-2: Strikes out swinging
|
| Top of the 8th over - 0 runs, 2 hits, 0 errors, 2 left on base; St. Cloud 3 - Sioux Falls 3 |
| BOTTOM OF THE 8TH |
|
Sioux Falls Packers batting - Pitching for St. Cloud Rox : LHP Mark Shiflett
|
|
Batting: LHB Mike Aldrete
|
0-0: Ball 1-0: Called Strike 1-1: Called Strike 1-2: Ball 2-2: Ball 3-2: Strikes out swinging
|
|
Batting: SHB Dan Hanggie
|
0-0: Foul Ball, location: 2F 0-1: Ball 1-1: Ball 2-1: Swinging Strike 2-2: Foul Ball, location: 2F 2-2: Fly out, F8 (Flyball, 8RD, EV 105.6 MPH)
|
|
Batting: LHB Randy Salava
|
0-0: Ball 1-0: Foul Ball, location: 2F 1-1: Foul Ball, location: 2F 1-2: Strikes out swinging
|
| Bottom of the 8th over - 0 runs, 0 hits, 0 errors, 0 left on base; St. Cloud 3 - Sioux Falls 3 |
| TOP OF THE 9TH |
|
St. Cloud Rox batting - Pitching for Sioux Falls Packers : LHP Miguel Reyes
|
|
Pitching: LHP Michael Elliott
|
|
|
Pinch Hitting: RHB Ron Gooch
|
0-0: Ball 1-0: Called Strike 1-1: Fly out, F6 (Line Drive, 6, EV 70.6 MPH)
|
|
Batting: RHB Bill Worden
|
0-0: Ball 1-0: Fly out, F9 (Flyball, 9D, EV 88.1 MPH)
|
|
Batting: RHB Douglas Morganti
|
0-0: Ball 1-0: Ball 2-0: Called Strike 2-1: Called Strike 2-2: Ball 3-2: Foul Ball, location: 2F 3-2: Base on Balls
|
|
Batting: SHB R J Reynolds
|
0-0: Fly out, F6 (Popup, 6, EV 75.0 MPH)
|
| Top of the 9th over - 0 runs, 0 hits, 0 errors, 1 left on base; St. Cloud 3 - Sioux Falls 3 |
| BOTTOM OF THE 9TH |
|
Sioux Falls Packers batting - Pitching for St. Cloud Rox : LHP Mark Shiflett
|
|
Pitching: RHP Mitch Zwolensky
|
|
|
Now at C: Tony Castillo
|
|
|
Batting: SHB Gary Springer
|
0-0: Ball 1-0: Ball 2-0: Ball 3-0: Called Strike 3-1: Foul Ball, location: 2F 3-2: Base on Balls
|
|
Batting: LHB Reggie West
|
0-0: Swinging Strike 0-1: Ball 1-1: Called Strike 1-2: Ball 2-2: Ball 3-2: Fly out, F7 (Flyball, 78D, EV 80.0 MPH)
|
|
Pinch Hitting: LHB Michael Robbins
|
0-0: Called Strike 0-1: Called Strike 0-2: Ball 1-2: Strikes out swinging
|
|
Pinch Hitting: RHB Daniel Gausepohl
|
0-0: Ball 1-0: Called Strike 1-1: DOUBLE (Flyball, 89XD, EV 100.0 MPH) Gary Springer to third Runner from 3rd tries for Home, SAFE, throw by RF to trailing runner, SAFE at third!
|
| Bottom of the 9th over - 1 run, 1 hit, 0 errors, 0 left on base; St. Cloud 3 - Sioux Falls 4 |
|